 Dungeon Crawl Stone Soup version 0.29.1-1-gd02db6906a (webtiles) character file.

Game seed: 3873686186430012948

475 safid the Skirmisher (level 6, -2/51 HPs)
             Began as a Minotaur Hunter on Oct 20, 2022.
             Killed by divine providence
             ... invoked by an orc priest
              (14 damage)
             ... on level 4 of the Dungeon.
             The game lasted 00:06:17 (3902 turns).

safid the Skirmisher (Minotaur Hunter)              Turns: 3902, Time: 00:06:18

Health: -2/51      AC: 14    Str: 15    XL:     6   Next: 84%
Magic:  5/5        EV:  7    Int:  6    God:
Gold:   61         SH:  0    Dex: 16    Spells: 5/5 levels left

rFire   + . .      SeeInvis .   a - +0 shortbow
rCold   . . .      Faith    .   (shield currently unavailable)
rNeg    . . .      Spirit   .   q - +2 chain mail {rF+}
rPois   +          Reflect  .   (helmet restricted)
rElec   .          Harm     .   k - +2 cloak
rCorr   .          Rampage  .   (no gloves)
Will    .....                   m - +0 pair of boots
Stlth   ..........              (no amulet)
HPRegen 0.17/turn               l - ring of poison resistance
MPRegen 0.09/turn               (no ring)

@: no status effects
A: horns 2, retaliatory headbutt
a: no special abilities


You were on level 4 of the Dungeon.
You visited 1 branch of the dungeon, and saw 4 of its levels.
You also visited: Sewer.

You collected 100 gold pieces.
You spent 39 gold pieces at shops.

Inventory:

Hand Weapons
 a - a +0 shortbow (weapon)
Armour
 k - a +2 cloak (worn)
 m - a +0 pair of boots (worn)
 q - a +2 chain mail of fire resistance (worn)
Jewellery
 l - a ring of poison resistance (left hand)
Wands
 p - a wand of flame (22)
 t - a wand of acid (9)
Scrolls
 b - a scroll of immolation
 f - a scroll of vulnerability {unknown}
 g - 3 scrolls of identify {unknown}
 o - a scroll of fear {unknown}
 u - a scroll of magic mapping {unknown}
 v - a scroll of teleportation {unknown}
Potions
 c - 2 potions of flight
 d - a potion of lignification {unknown}
 e - a potion of heal wounds {unknown}
 h - 3 potions of magic {unknown}
 i - 3 potions of curing
 j - a potion of mutation {unknown}
 n - a potion of haste {unknown}
 r - 2 potions of resistance {unknown}
 s - a potion of might {unknown}


   Skills:
 - Level 3.0 Fighting
 + Level 9.0 Ranged Weapons
 - Level 2.1 Dodging
 - Level 0.7 Stealth


You had 5 spell levels left.
You didn't know any spells.
Your spell library contained the following spells:

 Spells                   Type           Power      Damage    Failure   Level
 Confusing Touch          Hex            0%         N/A       100%        3
 Yara's Violent Unravell  Hex/Tmut       0%         3d3       100%        5
 Enfeeble                 Hex            0%         N/A       100%        7


Dungeon Overview and Level Annotations

Branches:
Dungeon (4/15)              Sewer (visited)
 Temple: D:4-7

Altars:

Shops:
D:1 !

Annotations:
D:2 1 runed translucent door, Crazy Yiuf


Innate Abilities, Weirdness & Mutations

You have a pair of horns on your head.
You reflexively headbutt those who attack you in melee.


Message History

You kill the orc!
The orc priest barely misses you.
Your Ranged Weapons skill increases to level 9!
Fire: a) +0 shortbow
Press: ? - help, Q - select action, (/) - cycle Shift-Dir - straight line, f - orc priest
Aim: an orc priest, wielding a +0 dagger of flaming and wearing a +0 leather armour (65% to hit)
You shoot an arrow.
The arrow closely misses the orc priest.
The orc hits you with a +0 hand axe.
The orc priest hits you but does no damage.
The orc priest closely misses you. The orc completely misses you.
You furiously retaliate!
You headbutt the orc.
Fire: a) +0 shortbow
Press: ? - help, Q - select action, (/) - cycle Shift-Dir - straight line, f/p - orc priest
Aim: an orc priest, wielding a +0 dagger of flaming and wearing a +0 leather armour (65% to hit)
You shoot an arrow. The arrow hits the orc priest.
The orc priest is lightly wounded.
The orc hits you but does no damage.
The orc priest invokes the aid of Beogh against you.
Beogh smites you!
Fire: a) +0 shortbow
Press: ? - help, Q - select action, (/) - cycle Shift-Dir - straight line, f/p - orc priest
Aim: an orc priest, wielding a +0 dagger of flaming and wearing a +0 leather armour (lightly wounded, 65% to hit)
You shoot an arrow. The arrow barely misses the orc priest.
The orc hits you with a +0 hand axe.
* * * LOW HITPOINT WARNING * * *
The orc priest hits you with a +0 dagger of flaming.
* * * LOW HITPOINT WARNING * * *
The orc priest mumbles some strange prayers to Beogh against you.
You barely resist. The orc hits you but does no damage.
Fire: a) +0 shortbow
Press: ? - help, Q - select action, (/) - cycle Shift-Dir - straight line, f/p - orc priest
Aim: an orc priest, wielding a +0 dagger of flaming and wearing a +0 leather armour (lightly wounded, 65% to hit)
You shoot an arrow.
The arrow hits the orc priest but does no damage.
The orc priest is lightly wounded.
The orc hits you but does no damage.
The orc priest mumbles some strange prayers to Beogh against you.
Beogh smites you!
You die...

#...## #...>##
#.)...#
#.....#######.
#.............
#....#########
#....######
#.........+
+...)@....#
#...oo)##.#
#.......# #
#.....)..
##.#......
...+.......
##.##....###.
. #....# .#


You could see an orc priest and an orc.

Vanquished Creatures
  A kobold brigand (Sewer)
  2 scorpions (D:4)
  An orc priest (D:4)
  Jessica (D:3)
  Terence (D:2)
  3 adders
  3 gnolls (D:2)
  3 river rats
  An ufetubus (D:4)
  4 worms
  2 dart slugs
  4 orcs
  4 ball pythons
  6 bats
  6 endoplasms
  5 giant cockroaches
  8 goblins
  9 hobgoblins
  6 jackals
  10 kobolds
  4 quokkas
  4 frilled lizards
  11 rats
99 creatures vanquished.

Vanquished Creatures (others)
  2 plants (D:3)
2 creatures vanquished.

Grand Total: 101 creatures vanquished

Notes
Turn   | Place    | Note
-------+----------+-------------------------------------------
     0 | D:1      | safid the Minotaur Hunter began the quest for the Orb.
     0 | D:1      | Reached XP level 1. HP: 18/18 MP: 0/0
   338 | D:1      | Reached XP level 2. HP: 25/25 MP: 1/1
   522 | D:1      | Reached skill level 5 in Ranged Weapons
   905 | D:1      | Found Xollonul's Distillery.
  1006 | D:1      | Bought a potion of curing for 39 gold pieces
  1199 | D:2      | Reached XP level 3. HP: 31/31 MP: 2/2
  1345 | D:2      | Reached skill level 6 in Ranged Weapons
  1345 | D:2      | Reached XP level 4. HP: 8/38 MP: 3/3
  1837 | D:2      | Noticed Terence
  1851 | D:2      | Killed Terence
  2299 | D:2      | Found a runed translucent door.
  2300 | D:2      | Noticed Crazy Yiuf
  2548 | D:3      | Noticed Jessica
  2552 | D:3      | Killed Jessica
  2553 | D:3      | Reached XP level 5. HP: 30/45 MP: 4/4
  2633 | D:3      | Reached skill level 7 in Ranged Weapons
  2634 | D:3      | Found a faded altar of an unknown god.
  2712 | D:3      | Found a glowing drain.
  2716 | Sewer    | Entered a sewer
  2867 | Sewer    | Reached XP level 6. HP: 51/51 MP: 5/5
  2901 | Sewer    | Found a white marble altar of Elyvilon.
  3647 | D:4      | Reached skill level 8 in Ranged Weapons
  3899 | D:4      | Reached skill level 9 in Ranged Weapons
  3902 | D:4      | Killed from afar by an orc priest

Illustrated notes

Levels and vault maps discovered:
D:1:      mrwooster_arrival_arrow, layout_loops_corners, serial_shops, shop,
          dreamdust_princess_bridge
D:2:      layout_basic, minmay_misc_feat_diagonals, uniq_crazy_yiuf_cottage,
          uniq_terence
D:3:      layout_basic, gup_sewer_entry_spiral,
          chequers_ecumenical_altar_island, grunt_ministairs_9,
          hangedman_glass_teeth, corexii_shack, minmay_misc_feat_x,
          grunt_decor_fettered, ebering_dispersal_statue_hall,
          kennysheep_another_room, uniq_jessica
D:4:      layout_basic, nemelex_spade_bored_becter, serial_corexii_hall,
          corexii_hall_statues_deadend, corexii_hall_statues_l,
          minmay_misc_feat_chi, uniq_eustachio

Skill      XL: |  1  2  3  4  5  6 |
---------------+-------------------+-----
Fighting       | 3 |  3.0
Ranged Weapons | 5 6 7 9 |  9.0
Dodging        | |  2.1
Stealth        | |  0.7

Action                   |  1- 3 |  4- 6 || total
-------------------------+-------+-------++-------
 Fire: Shortbow          |    90 |   205 ||   295
Armor: Leather armour    |    13 |     5 ||    18
       Chain mail        |       |    75 ||    75
Dodge: Dodged            |    28 |    58 ||    86
